 Dungeon Crawl Stone Soup version 0.22-a0-553-g9358b0b (webtiles) character file.

264236 Mammok the Tortoise (level 20, -3/189 HPs)
             Began as a Hill Orc Fighter on June 25, 2018.
             Was a High Priest of Trog.
             Slain by a great orb of eyes (7 damage)
             ... on level 4 of the Pits of Slime.
             The game lasted 03:28:40 (39885 turns).

Mammok the Tortoise (Hill Orc Fighter)             Turns: 39885, Time: 03:28:41

Health: -3/189     AC: 23    Str: 28    XL:     20   Next: 44%
Magic:  20/20      EV: 12    Int: 14    God:    Trog [*****.]
Gold:   4465       SH:  0    Dex: 10    Spells: 19/19 levels left

rFire    + . .     SeeInvis +   e - +14 spear of Satyriasis {pierce, rN+ Int+4 Stlth+, e}
rCold    + + .     Gourm    .   P - +2 shield
rNeg     + . .     Faith    .   h - +4 plate armour {MR+}
rPois    +         Spirit   .   n - +0 helmet of Grace {rElec rF+ rCorr SInv}
rElec    +         Reflect  +   U - scarf {rC+ rF+}
rCorr    +         Harm     .   g - +2 pair of gloves of Kolaexor {Int+2 Slay+3}
MR       +++..                  w - +1 pair of boots {run}
Stlth    ..........             K - +5 amulet of reflection
HPRegen  0.41/turn              B - ring "Qymiucs" {Ice MR+ Slay+2}
MPRegen  0.17/turn              C - ring of poison resistance

@: confused, corroded, very slightly contaminated, studying Dodging, invisible,
quick
A: blink, mutation resistance 1
}: 1/15 runes: gossamer
a: Blink, Berserk, Trog's Hand, Brothers in Arms, Renounce Religion


You were on level 4 of the Pits of Slime.
You worshipped Trog.
Trog was extremely pleased with you.
You were not hungry.

You visited 8 branches of the dungeon, and saw 36 of its levels.
You also visited: Ice Cave.

You collected 4782 gold pieces.
You spent 317 gold pieces at shops.

Inventory:

Hand Weapons
 e - the +14 spear of Satyriasis (weapon) {pierce, rN+ Int+4 Stlth+, e}
   (Trog gifted it to you on level 6 of the Lair of Beasts)

   It inflicts extra damage upon your enemies.
   It affects your intelligence (+4).
   It protects you from negative energy.
   It makes you more stealthy.
 i - a +3 antimagic demon trident
 N - the +8 trident "Foipn" {pierce, Str+3 Dex+6}
   (You took it off a spriggan on level 9 of the Dungeon)

   It inflicts extra damage upon your enemies.
   It affects your strength (+3).
   It affects your dexterity (+6).
 T - a +1 demon trident of protection
 Y - the +1 trident of Ganlok {holy, +Inv}
   (You took it off a spriggan on level 10 of the Dungeon)

   It has been blessed by the Shining One to cause great damage to the undead
   and demons.
   It lets you turn invisible.
Armour
 g - the +2 pair of gloves of Kolaexor (worn) {Int+2 Slay+3}
   (You found it on level 3 of the Elven Halls)

   It affects your intelligence (+2).
   It affects your accuracy and damage with ranged weapons and melee attacks
   (+3).
 h - a +4 plate armour of magic resistance (worn)
 n - the +0 helmet of Grace (worn) {rElec rF+ rCorr SInv}
   (You found it on level 2 of the Lair of Beasts)

   It protects you from fire.
   It insulates you from electricity.
   It lets you see invisible.
   It protects you from acid and corrosion.
 w - a +1 pair of boots of running (worn)
 D - a +0 chain mail of poison resistance
 P - a +2 shield (worn)
 U - a scarf of resistance (worn)
Jewellery
 k - an uncursed ring of positive energy
 B - the ring "Qymiucs" (left hand) {Ice MR+ Slay+2}
   (You found it on level 3 of the Lair of Beasts)

   [ring of ice]

   It enhances your ice magic.
   It affects your accuracy and damage with ranged weapons and melee attacks
   (+2).
   It makes you vulnerable to fire.
   It protects you from cold.
   It affects your resistance to hostile enchantments.
 C - a ring of poison resistance (right hand)
 K - a +5 amulet of reflection (around neck)
 R - a +6 ring of strength
Wands
 b - a wand of acid (37)
 q - a wand of disintegration (5)
 J - a wand of digging (96)
 L - a wand of iceblast (20)
 O - a wand of scattershot (5)
 X - a wand of paralysis (13)
Scrolls
 a - a scroll of acquirement {unknown}
 m - a scroll of summoning {unknown}
 t - 4 scrolls of teleportation
 y - 3 scrolls of magic mapping
 E - 11 scrolls of remove curse
 G - 2 scrolls of fog
 Q - 6 scrolls of enchant weapon
 S - 2 scrolls of fear
Potions
 j - 2 potions of agility
 l - 6 potions of haste
 p - 8 potions of curing
 r - 3 potions of mutation
 s - 3 potions of invisibility
 u - 2 potions of magic
 x - 2 potions of flight
 A - a potion of berserk rage
 H - 6 potions of brilliance
 M - 6 potions of ambrosia
Books
 v - a manual of Dodging
Miscellaneous
 W - 3 phantom mirrors
Comestibles
 f - 43 rations


   Skills:
 - Level 18.9 Fighting
   Level 13.5(18.7) Axes
 + Level 18.2(19.2) Polearms
 * Level 19.2 Armour
 + Level 8.6 Dodging
 - Level 17.4 Shields


You had 19 spell levels left.
You didn't know any spells.
Your spell library contained the following spells:

 Spells                   Type           Power        Failure   Level  Hunger
 Animate Skeleton         Necr           N/A          80%         1    ##.....
 Spider Form              Tmut/Pois      #.........   99%         3    ####...
 Statue Form              Tmut/Erth      #........    100%        6    #######
 Yara's Violent Unravell  Hex/Tmut       #.........   100%        5    ######.


Dungeon Overview and Level Annotations

Branches:
Dungeon (15/15)            Temple (1/1) D:7            Lair (6/6) D:10
 Shoals (0/4) Lair:3       Spider (4/4) Lair:3        Slime (4/5) Lair:6
    Orc (2/2) D:11            Elf (3/3) Orc:2        Vaults (0/5) D:14
 Depths (1/5) D:15

Altars:
Ashenzari
Cheibriados
Dithmenos
Elyvilon
Fedhas
Gozag
Hepliaklqana
Kikubaaqudgha
Makhleb
Nemelex Xobeh
Okawaru
Qazlal
Ru
Sif Muna
Trog
Uskayaw
Vehumet
Wu Jian
Xom
Yredelemnul
Zin
The Shining One
Beogh
Jiyva

Shops:
D:8 *   Orc:2 %([%   Elf:1 =[   Elf:2 *

Annotations:
D:7 1 runed door, alcopop's ghost, novice BaGl
Slime:1 exclusion: great orb of eyes


Innate Abilities, Weirdness & Mutations

You can translocate small distances at will.
You are somewhat resistant to further mutation.


Message History

You resist with almost no effort. The golden eye blinks at you.
You resist with almost no effort. The golden eye blinks at you.
You resist with almost no effort. The golden eye blinks at you.
You resist with almost no effort.
You're too confused!
The azure jelly hits you but does no damage.
The azure jelly misses you.
The azure jelly hits you but does no damage.
The azure jelly hits you.
* * * LOW HITPOINT WARNING * * *
The acid blob spits acid at you. The splash of acid hits you! You resist.
* * * LOW HITPOINT WARNING * * *
The acid corrodes you!
You are splashed with acid!
The acid burns!
You resist.
* * * LOW HITPOINT WARNING * * *
The golden eye blinks! x3; The great orb of eyes bites you!
You die...

...#........ ... .
..........#.###.##..
.........#...#......
....................
................... #
...........<.......
....##.G...>......#.#
.....#.G§<...........
.......@§G...........
.......JJ...G........
......#G.............
..........G##.#....#.
...............#....
....................
.............§...#..
.#.....#.......


You could see an acid blob, an azure jelly, a great orb of eyes, an eye of
draining and 4 golden eyes.

Vanquished Creatures
  2 deep elf blademasters (Elf:3)
  2 deep elf master archers (Elf:3)
  8 acid blobs
  An azure jelly (Slime:3)
  4 deep elf sorcerers
  4 ghost moths
  2 orc warlords
  A frost giant (IceCv)
  6 deep elf elementalists (Elf:3)
  8 emperor scorpions
  3 entropy weavers
  3 deep elf demonologists
  6 deep elf annihilators
  Josephine (D:15)
  4 deep elf death magi (Elf:3)
  6 deep elf high priests
  An ice dragon (D:15)
  2 fire dragons (D:15)
  3 great orbs of eyes
  2 vault guards (D:14)
  6 hydras
  A centaur warrior (D:15)
  2 ogre magi (Orc:2)
  13 two-headed ogres
  A queen ant (Spider:1)
  The ghost of Kogoro the Blocker, a novice GnFi of Okawaru (Orc:1)
  28 dancing weapons
  A tengu warrior (D:15)
  4 orc high priests
  3 death yaks
  14 deep elf knights
  The ghost of bombasticus the Blocker, a novice GrFi of Okawaru (D:9)
  2 small abominations (Elf:3)
  The ghost of bogs101 the Thaumaturge, a novice DEWz of Sif Muna (D:10)
  12 deep elf archers
  A sea snake (Lair:6)
  An unseen horror (D:10)
  5 orc knights (Elf:1)
  Pikel (D:7)
  4 shining eyes
  4 ugly things
  2 orc sorcerers
  2 manticores
  2 cyclopes
  23 wolf spiders
  15 orb spiders
  54 deep elf magi
  13 elephants
  An oklob plant (Lair:4)
  Maurice (D:11)
  3 moths of wrath
  2 black mambas (Lair:4)
  13 spiny frogs
  An ice statue (IceCv)
  3 gargoyles
  Joseph (Lair:1)
  A centaur zombie (D:14)
  9 rime drakes
  10 komodo dragons
  A yaktaur (D:15)
  A freezing wraith (D:14)
  14 demonic crawlers
  2 kobold demonologists
  2 meliai (Spider:4)
  18 polar bears
  2 queen bees
  11 trolls
  2 wind drakes (Lair:6)
  14 hornets
  74 slime creatures
  A hippogriff (shapeshifter) (D:11)
  31 jumping spiders
  7 hippogriffs
  23 blink frogs
  10 dream sheep
  2 shadows (D:14)
  3 air elementals
  7 spriggans
  31 tarantellas
  5 wyverns
  4 wraiths (D:15)
  4 water elementals
  50 redbacks
  92 yaks
  A golden eye (shapeshifter) (Depths:1)
  7 basilisks
  Eustachio (D:6)
  10 golden eyes
  2 wargs (Orc:1)
  9 soldier ants (Spider:1)
  11 water moccasins
  Duvessa (D:6)
  A hornet zombie (D:14)
  3 eyes of draining
  4 black bears
  4 ice beasts
  28 orc warriors
  10 porcupines
  A sky beast (D:12)
  3 phantoms
  A necrophage (D:9)
  24 wolves
  19 crocodiles
  31 ogres
  12 centaurs
  7 big kobolds
  A gnoll sergeant (D:11)
  5 earth elementals
  18 bullfrogs
  Dowan (D:6)
  3 scorpions
  A wyvern skeleton (D:8)
  42 killer bees
  3 howler monkeys
  5 wights (D:7)
  5 electric eels
  A crimson imp (D:15)
  A quasit (D:11)
  3 bullfrog skeletons
  3 centaur skeletons
  15 orc priests
  9 hounds
  6 jellies
  22 orc wizards
  A gnoll shaman (D:3)
  4 iguanas
  A hell rat (Lair:3)
  41 worker ants
  A hound zombie (D:5)
  Robin (D:4)
  A worker ant zombie (D:11)
  12 gnolls
  9 adders
  5 shadow imps
  3 oozes
  2 adder skeletons
  3 worms
  A dart slug (D:1)
  3 leopard geckos
  60 orcs
  A ball python (D:2)
  6 giant cockroaches
  7 goblins
  11 hobgoblins
  2 jackals (D:3)
  9 bats
  3 frilled lizards
  2 giant cockroach zombies (D:5)
  A jackal skeleton (D:7)
  18 kobolds
  2 quokka skeletons (D:4)
  5 rats
1291 creatures vanquished.

Vanquished Creatures (collateral kills)
  Jorgrun (Elf:3)
  A deep elf blademaster (Elf:2)
  Roxanne (Spider:1)
  A deep elf elementalist (Elf:3)
  A deep elf demonologist (Elf:3)
  4 deep elf death magi (Elf:3)
  A deep elf high priest (Elf:3)
  2 vault guards (D:14)
  4 two-headed ogres (Orc:2)
  A merfolk avatar (Lair:6)
  3 ogre magi
  7 dancing weapons (Elf:2)
  A deep elf knight (Elf:2)
  6 deep elf magi
  An orc knight (D:14)
  A manticore (Lair:6)
  9 slime creatures (Slime:1)
  A tengu conjurer (D:14)
  A meliai (Spider:4)
  3 blink frogs (Lair:6)
  An air elemental (Elf:2)
  A redback (Spider:4)
  A human (D:14)
  A water moccasin (Lair:6)
  4 ogres (Orc:2)
  4 killer bees (Spider:4)
62 creatures vanquished.

Vanquished Creatures (others)
  A deep elf knight (Elf:3)
  A deep elf archer (Elf:2)
  A wolf spider (Spider:2)
  A slave (D:8)
  An ice beast (D:8)
  An orc wizard (D:6)
  17 fungi
  40 plants
  A withered plant (D:7)
64 creatures vanquished.

Grand Total: 1417 creatures vanquished

Notes
Turn   | Place    | Note
-------+----------+-------------------------------------------
     0 | D:1      | Mammok the Hill Orc Fighter began the quest for the Orb.
     0 | D:1      | Reached XP level 1. HP: 19/19 MP: 1/1
   256 | D:1      | Reached XP level 2. HP: 25/26 MP: 2/2
   635 | D:2      | Reached XP level 3. HP: 29/31 MP: 3/3
  1198 | D:3      | Noticed an ice beast
  1316 | D:3      | Reached skill level 4 in Armour
  1336 | D:3      | Killed an ice beast
  1336 | D:3      | Reached XP level 4. HP: 39/39 MP: 4/4
  1336 | D:3      | Reached XP level 5. HP: 45/45 MP: 5/5
  1499 | D:3      | Identified a +1 pair of boots of running (You found it on level 3 of the Dungeon)
  1862 | D:3      | Reached XP level 6. HP: 39/51 MP: 6/6
  1863 | D:3      | Reached skill level 5 in Armour
  2190 | D:4      | Found a shattered altar of Ashenzari.
  2246 | D:4      | Reached XP level 7. HP: 41/57 MP: 7/7
  2381 | D:4      | Noticed Robin
  2423 | D:4      | Killed Robin
  2808 | D:5      | Entered Level 5 of the Dungeon
  3244 | D:5      | Noticed a two-headed ogre
  3246 | D:5      | Noticed an anaconda
  3246 | D:5      | a two-headed ogre changed into an anaconda
  3613 | D:5      | Reached skill level 6 in Armour
  3799 | D:5      | Identified Ujutuoca's Almanac of Twisted Changing
  3994 | D:6      | Noticed Duvessa
  4052 | D:6      | Noticed Eustachio
  4054 | D:6      | Noticed Dowan
  4343 | D:6      | Killed Eustachio
  4343 | D:6      | Reached skill level 10 in Axes
  4343 | D:6      | Reached XP level 8. HP: 53/64 MP: 8/8
  4364 | D:6      | Killed Duvessa
  4384 | D:6      | Killed Dowan
  4444 | D:6      | Reached skill level 7 in Armour
  4737 | D:7      | Found a staircase to the Ecumenical Temple.
  4755 | Temple   | Entered the Ecumenical Temple
  4986 | Temple   | Became a worshipper of Trog the Wrathful
  5121 | D:7      | Reached XP level 9. HP: 70/70 MP: 9/9
  5144 | D:7      | Reached skill level 8 in Armour
  5208 | D:7      | Noticed a kobold demonologist
  5300 | D:7      | Found a bloodstained altar of Trog.
  5318 | D:7      | Noticed a hellwing
  5318 | D:7      | Killed a kobold demonologist
  5555 | D:7      | Reached skill level 5 in Fighting
  5651 | D:7      | Found a runed door.
  5653 | D:7      | Noticed alcopop's ghost (novice BaGl)
  6142 | D:8      | Noticed Pikel
  6312 | D:8      | Reached skill level 9 in Armour
  6712 | D:8      | Reached XP level 10. HP: 84/84 MP: 10/10
  7053 | D:7      | Killed Pikel
  7285 | D:8      | Found a glowing silver altar of Zin.
  7391 | D:8      | Reached * piety under Trog
  7420 | D:8      | Found Nonu's General Store.
  7510 | D:9      | Found a glowing golden altar of the Shining One.
  7601 | D:9      | Found a runed door.
  7602 | D:9      | Noticed bombasticus's ghost (novice GrFi)
  7634 | D:9      | Killed bombasticus's ghost
  7634 | D:9      | Reached skill level 10 in Armour
  7662 | D:9      | Reached skill level 5 in Shields
  7877 | D:9      | Reached ** piety under Trog
  8040 | D:9      | Got a translucent trident {pierce}
  8041 | D:9      | Identified the +8 trident "Foipn" {pierce, Str+3 Dex+6} (You took it off a spriggan on level 9 of the Dungeon)
  8157 | D:9      | Reached skill level 1 in Polearms
  8160 | D:9      | Found an ancient bone altar of Kikubaaqudgha.
  8359 | D:9      | Found a radiant altar of Vehumet.
  8360 | D:9      | Found a stormy altar of Qazlal.
  8453 | D:9      | Reached XP level 11. HP: 89/94 MP: 11/11
  8648 | D:10     | Entered Level 10 of the Dungeon
  8779 | D:10     | Found a staircase to the Lair.
  8970 | D:10     | Got a bloodstained long sword
  8971 | D:10     | Identified the +4 long sword of Megalomania {flame, rElec} (You found it on level 10 of the Dungeon)
  9193 | D:10     | Found a runed door.
  9195 | D:10     | Noticed bogs101's ghost (novice DEWz)
  9196 | D:10     | Noticed a spriggan rider
  9232 | D:10     | Killed an unseen horror
  9232 | D:10     | Reached skill level 5 in Polearms
  9536 | D:11     | Paralysed by a hornet for 3 turns
  9743 | D:11     | Noticed a two-headed ogre
  9749 | D:11     | Killed a two-headed ogre
  9749 | D:11     | Reached *** piety under Trog
 10032 | D:11     | Noticed Maurice
 10043 | D:11     | Killed Maurice
 10083 | D:11     | Noticed a green ugly thing
 10108 | D:11     | Killed a green ugly thing
 10150 | D:11     | Found a staircase to the Orcish Mines.
 10458 | D:11     | Noticed a green ugly thing
 10464 | D:11     | Killed a green ugly thing
 10464 | D:11     | Reached **** piety under Trog
 10712 | D:12     | Noticed a two-headed ogre
 10721 | D:12     | Killed a two-headed ogre
 10721 | D:12     | Reached XP level 12. HP: 68/103 MP: 12/12
 10755 | D:12     | Found a frozen archway.
 10826 | IceCv    | Entered an ice cave
 11025 | IceCv    | Reached skill level 10 in Polearms
 11073 | IceCv    | Noticed a death yak
 11091 | IceCv    | Killed a death yak
 11104 | IceCv    | Reached skill level 10 in Shields
 11435 | IceCv    | Noticed a death yak
 11464 | IceCv    | Killed a death yak
 11541 | IceCv    | Noticed a frost giant
 11570 | IceCv    | Reached XP level 13. HP: 101/108 MP: 13/13
 11579 | IceCv    | Killed a frost giant
 11607 | IceCv    | Identified Ixaix's Almanac of the Glacier
 11619 | IceCv    | Identified the Handbook of Clay and Attacks
 12248 | D:12     | Reached ***** piety under Trog
 12651 | D:10     | Killed bogs101's ghost
 12672 | D:10     | Got a pitted trident {holy}
 12701 | D:10     | Identified the +1 trident of Ganlok {holy, +Inv} (You took it off a spriggan on level 10 of the Dungeon)
 12738 | Lair:1   | Entered Level 1 of the Lair of Beasts
 12807 | Lair:1   | Reached skill level 11 in Armour
 13099 | Lair:1   | Noticed Joseph
 13106 | Lair:1   | Killed Joseph
 14005 | Lair:2   | Reached skill level 12 in Armour
 14222 | Lair:2   | Got a smoking helmet
 14233 | Lair:2   | Identified the cursed +0 helmet of Grace {rElec rF+ rCorr SInv} (You found it on level 2 of the Lair of Beasts)
 14614 | Lair:3   | Received a gift from Trog
 14755 | Lair:3   | Found a hole to the Spider Nest.
 14781 | Lair:3   | Reached skill level 10 in Fighting
 15033 | Lair:3   | Found a staircase to the Shoals.
 15128 | Lair:3   | Reached XP level 14. HP: 105/121 MP: 14/14
 15797 | Lair:3   | Got a coiled ivory ring
 15808 | Lair:3   | Identified the ring "Qymiucs" {Ice MR+ Slay+2} (You found it on level 3 of the Lair of Beasts)
 16364 | Lair:4   | Got a scorched ring mail
 16366 | Lair:4   | Identified the cursed +0 ring mail of the Valley of Death {Dex+2 Slay+5} (You found it on level 4 of the Lair of Beasts)
 17756 | Lair:6   | Entered Level 6 of the Lair of Beasts
 17824 | Lair:5   | Reached ****** piety under Trog
 17876 | Lair:5   | Paralysed by a hornet for 3 turns
 18404 | Lair:6   | Received a gift from Trog
 18404 | Lair:6   | Reached skill level 15 in Shields
 18414 | Lair:6   | Got a crystal spear {god gift}
 18415 | Lair:6   | Identified the +14 spear of Satyriasis {pierce, rN+ Int+4 Stlth+} (Trog gifted it to you on level 6 of the Lair of Beasts)
 18449 | Lair:6   | Reached XP level 15. HP: 102/134 MP: 12/15
 18834 | Lair:6   | Got a pair of translucent gloves
 18869 | Lair:6   | Identified the cursed -3 pair of gloves of Experimentation {rC+ Dex+2} (You found it on level 6 of the Lair of Beasts)
 18939 | Lair:6   | Found a runed door.
 18940 | Lair:6   | Found a viscous altar of Jiyva.
 18943 | Lair:6   | Found a staircase to the Slime Pits.
 19477 | Slime:1  | Entered Level 1 of the Pits of Slime
 19477 | Slime:1  | Noticed an acid blob
 19488 | Slime:1  | Killed an acid blob
 19786 | D:13     | Reached skill level 15 in Fighting
 20133 | D:13     | Received a gift from Trog
 21010 | D:14     | Found a gate to the Vaults.
 21129 | D:14     | Found a white marble altar of Elyvilon.
 21233 | D:14     | Got a twisted ring mail
 21246 | D:14     | Identified the +1 ring mail "Gackef" {Dex+4} (You found it on level 14 of the Dungeon)
 21364 | D:14     | Got a scorched great mace
 21370 | D:14     | Identified the +5 great mace of the Warrior {freeze, Int+4} (You found it on level 14 of the Dungeon)
 21625 | D:15     | Entered Level 15 of the Dungeon
 21760 | D:15     | Noticed Josephine
 21769 | D:15     | Killed Josephine
 21967 | D:15     | Found a staircase to the Depths.
 22761 | Depths:1 | Entered Level 1 of the Depths
 22778 | D:15     | Reached XP level 16. HP: 151/152 MP: 16/16
 22977 | Orc:1    | Entered Level 1 of the Orcish Mines
 22979 | Orc:1    | Found a shimmering altar of Xom.
 23027 | Orc:1    | Reached skill level 13 in Armour
 23105 | Orc:1    | Found a runed door.
 23106 | Orc:1    | Found a shimmering altar of Xom.
 23106 | Orc:1    | Noticed Kogoro's ghost (novice GnFi)
 23217 | Orc:1    | Received a gift from Trog
 23690 | Orc:1    | Killed Kogoro's ghost
 23721 | Orc:2    | Entered Level 2 of the Orcish Mines
 23970 | Orc:2    | Found a staircase to the Elven Halls.
 24200 | Orc:2    | Found Fidulu's Armour Shop.
 24200 | Orc:2    | Found Lewuebecw's Food Shoppe.
 24207 | Orc:2    | Found Roigrod's Antique Weapon Shop.
 24207 | Orc:2    | Found Ynlenin's Food Emporium.
 24320 | Orc:2    | Found a roughly hewn altar of Beogh.
 24455 | Elf:1    | Entered Level 1 of the Elven Halls
 24723 | Elf:1    | Received a gift from Trog
 24978 | Elf:1    | Noticed an Executioner
 25773 | Elf:1    | Found Leheneest's Armour Shoppe.
 25788 | Elf:1    | Reached skill level 15 in Polearms
 26018 | Elf:1    | Found Rocuu's Jewellery Boutique.
 26057 | Elf:1    | Bought a +3 amulet of reflection for 235 gold pieces
 26178 | Elf:1    | Reached XP level 17. HP: 123/161 MP: 17/17
 26679 | Elf:2    | Reached skill level 14 in Armour
 27045 | Elf:2    | Received a gift from Trog
 27210 | Elf:2    | Got a translucent halberd {chop}
 27216 | Elf:2    | Identified the +1 halberd of Supply {chop, rF+ MP-9 Int+8} (You took it off a deep elf mage on level 2 of the Elven Halls)
 27351 | Elf:2    | Found Pyzah's General Store.
 27358 | Elf:2    | Bought a scroll of identify for 30 gold pieces
 27358 | Elf:2    | Bought a scroll of magic mapping for 52 gold pieces
 27796 | Elf:2    | Found a huge runed gate.
 27796 | Elf:2    | Found a huge runed gate.
 27796 | Elf:2    | Found a huge runed gate.
 28212 | Elf:2    | Noticed a deep elf blademaster
 28220 | Elf:2    | Killed a deep elf blademaster
 28671 | Elf:3    | Entered Level 3 of the Elven Halls
 28723 | Elf:3    | Reached skill level 15 in Armour
 28731 | Elf:3    | Received a gift from Trog
 29022 | Elf:3    | Reached XP level 18. HP: 169/172 MP: 18/18
 29039 | Elf:3    | Noticed a deep elf blademaster
 29063 | Elf:3    | Killed a deep elf blademaster
 29278 | Elf:3    | Noticed a deep elf blademaster
 29292 | Elf:3    | Noticed a deep elf master archer
 29370 | Elf:3    | Killed a deep elf master archer
 29437 | Elf:3    | Received a gift from Trog
 29573 | Elf:3    | Reached skill level 16 in Armour
 29592 | Elf:3    | Killed a deep elf blademaster
 29682 | Elf:3    | Noticed a deep elf master archer
 29700 | Elf:3    | Killed a deep elf master archer
 30550 | Elf:3    | Noticed Jorgrun
 30570 | Elf:3    | Killed Jorgrun
 31075 | Elf:3    | Got a pair of dazzling gloves
 31116 | Elf:3    | Identified the +2 pair of gloves of Kolaexor {Int+2 Slay+3} (You found it on level 3 of the Elven Halls)
 31358 | Spider:1 | Entered Level 1 of the Spider Nest
 31781 | Spider:1 | Received a gift from Trog
 32028 | Spider:1 | Reached XP level 19. HP: 172/181 MP: 19/19
 32144 | Spider:1 | Reached skill level 1 in Dodging
 32196 | Spider:1 | Noticed Roxanne
 32205 | Spider:1 | Killed Roxanne
 32549 | Spider:1 | Found a runed door.
 32739 | Spider:1 | Reached skill level 17 in Armour
 32757 | Spider:1 | Found the +7 Kryia's mail coat {PotionHeal*2 rC+}
 33744 | Spider:3 | Received a gift from Trog
 34777 | Spider:4 | Entered Level 4 of the Spider Nest
 34937 | Spider:4 | Reached skill level 5 in Dodging
 35281 | Spider:4 | Received a gift from Trog
 35671 | Spider:4 | Got a blackened buckler
 35672 | Spider:4 | Identified the +1 buckler of Evolution {rPois rC- MR+ Str+4} (You found it on level 4 of the Spider Nest)
 35783 | Spider:4 | Reached skill level 18 in Armour
 36566 | Spider:4 | Got a gossamer rune of Zot
 36887 | Slime:1  | Reached XP level 20. HP: 184/189 MP: 20/20
 37524 | Slime:1  | HP: 9/283 [large slime creature (12)]
 37548 | Slime:1  | HP: 3/283 [large slime creature (28)]
 38406 | Slime:2  | Gained mutation: Your body sometimes deteriorates upon taking damage. [a shining eye]
 38409 | Slime:2  | Gained mutation: You are weak. (Str -2) [a shining eye]
 38411 | Slime:2  | Gained mutation: You are occasionally teleported next to monsters. [a shining eye]
 38413 | Slime:2  | Lost mutation: You are occasionally teleported next to monsters. [potion of mutation]
 38413 | Slime:2  | Lost mutation: You are weak. (Str -2) [potion of mutation]
 38413 | Slime:2  | Lost mutation: Your body sometimes deteriorates upon taking damage. [potion of mutation]
 38413 | Slime:2  | Gained mutation: You can translocate small distances at will. [potion of mutation]
 38413 | Slime:2  | Gained mutation: You are somewhat resistant to further mutation. [potion of mutation]
 38490 | Slime:2  | Reached skill level 19 in Armour
 39885 | Slime:4  | HP: 9/189 [acid blob/splash of acid (4)]
 39885 | Slime:4  | HP: 4/189 [acid (5)]
 39885 | Slime:4  | Slain by a great orb of eyes

Vault maps used:
D:1:      sevenhm_arrival_forest_fort_large_4
D:2:      first_ration
D:4:      lemuel_round_altar, uniq_robin
D:6:      uniq_eustachio, uniq_duvessa
D:7:      minmay_temple_entry_butterflies, gammafunk_ghost_grave,
          serial_bayou_pond_d, the_bakery, trog_ov_bears_minmay
D:8:      kennysheep_mini, serial_shops, kennysheep_mini_moat, uniq_pikel
D:9:      gammafunk_temple_overflow_statue, lemuel_crystal_altar,
          ebering_ghost_funeral_grove, basic_altar
D:10:     grunt_lair_entry_orc_guard_hut, ebering_ghost_funeral_grove
D:11:     orc_0_dummy, uniq_maurice
D:12:     portal_ice_cave_rime
D:14:     grunt_vaults_entry_fortified, basic_altar
D:15:     grunt_enter_depths_hoard, serial_bayou, serial_bayou_pond_a,
          serial_bayou_crossing, serial_bayou_pond_c, serial_bayou_pond_a,
          uniq_josephine
Temple:   bh_familiar_temple
Lair:1:   uniq_joseph
Lair:2:   small_statue_intersection, serial_bayou_shore_a
Lair:3:   regret_index_wax_grids, elwin_shoals_entry_rocks, spider_nest_entry_a,
          st_stairs_9
Lair:4:   minmay_lair_oklob_bushes
Lair:5:   grunt_megastairs_4
Lair:6:   gammafunk_lair_ancient_temple, slime_altar_2, st_stairs_12
Spider:1: cheibrodos_spider_deadly_dance, minmay_another_anthill, uniq_roxanne
Spider:2: nicolae_spider_webbed_stairs
Spider:4: guppyfry_spider_rune, nicolae_looking_at_the_future
Orc:1:    basic_altar, ebering_ghost_xom
Orc:2:    st_orc_ogre_mass, basic_altar
Elf:1:    elf_arrival_002, special_room, serial_shops, shop, shop,
          nicolae_shop_trees, grunt_ministairs_7
Elf:2:    serial_shops, shop, minivault_25_ag, grunt_ministairs_6, minivault_4
Elf:3:    minmay_elf_hall_spiked, palyth_stone_intersect, uniq_jorgrun
Depths:1: kb_forest_paths, hell_entry, corexii_corridor_pit,
          nrook_loot_triangle, minmay_statues_item, serial_bayou_pond_d,
          tso_metal_star, uniq_bai_suzhen
IceCv:    ice_cave_caverns_01

Skill      XL: |  1  2  3  4  5  6  7  8  9 10 11 12 13 14 15 16 17 18 19 20 |
---------------+-------------------------------------------------------------+-----
Axes           | 3 4 6 8 10 11 13 | 13.5
Armour         | 4 5 6 7 9 10 12 13 15 16 18 19 | 19.2
Fighting       | 6 8 10 12 16 17 18 | 18.9
Shields        | 6 9 11 12 15 16 17 | 17.4
Polearms       | 2 9 12 13 15 16 17 18 | 18.2
Dodging        | 6 8 |  8.6

Action                   |  1- 3 |  4- 6 |  7- 9 | 10-12 | 13-15 | 16-18 | 19-21 || total
-------------------------+-------+-------+-------+-------+-------+-------+-------++-------
Melee: War axe           |   134 |    91 |   505 |   151 |       |       |       ||   881
       Unarmed           |       |       |    19 |       |       |       |       ||    19
       Trident           |       |       |       |   576 |   860 |       |       ||  1436
       Spear             |       |       |       |       |   579 |  1334 |  1166 ||  3079
       Demon trident     |       |       |       |       |       |    15 |       ||    15
Throw: Tomahawk          |       |       |     2 |     4 |       |       |       ||     6
Invok: Berserk           |       |       |       |     4 |     2 |     4 |     1 ||    11
       Trog's Hand       |       |       |       |     2 |    11 |    27 |    18 ||    58
       Brothers in Arms  |       |       |       |       |     3 |    12 |     6 ||    21
Evoke: Wand              |       |       |     2 |       |       |     1 |       ||     3
  Use: Scroll            |     2 |     2 |     7 |    11 |    17 |     8 |     5 ||    52
       Potion            |     1 |       |     3 |     5 |       |     3 |    10 ||    22
 Stab: Invisible         |       |       |     3 |       |       |       |       ||     3
       Distracted        |       |       |       |       |       |     1 |     1 ||     2
  Eat: Chunk             |     2 |     3 |    12 |    18 |    34 |    19 |     8 ||    96
       Ration            |       |       |     1 |       |     2 |     9 |     8 ||    20
Armor: Scale mail        |    66 |       |       |       |   130 |   203 |    35 ||   434
       Plate armour      |       |    62 |   323 |   248 |   156 |       |   366 ||  1155
       Ring mail         |       |       |       |       |     7 |       |       ||     7
       Skin              |       |       |       |       |       |       |     3 ||     3
Dodge: Dodged            |    47 |    15 |    96 |    86 |   192 |   138 |   231 ||   805
Block: Shield            |    66 |    41 |   236 |   367 |   672 |   652 |   946 ||  2980
       Reflection        |       |       |       |       |       |    41 |     7 ||    48

Table legend:
 A = Spawn XP
 B = Non-spawn XP
 C = Spawn XP percentage of total XP
 D = Spawn monster count
 E = Non-spawn monster count
 F = Spawn count percentage of total count
 G = Total turns spent on level
                    A         B        C        D         E        F      G
               +---------+---------+-------+---------+---------+-------+---------
         Total |       0 |  440592 |   0.0 |       0 |    1356 |   0.0 | 39885
               +---------+---------+-------+---------+---------+-------+---------
           D:1 |       0 |      18 |   0.0 |       0 |      11 |   0.0 |   485
           D:2 |       0 |      40 |   0.0 |       0 |      17 |   0.0 |   702
           D:3 |       0 |     323 |   0.0 |       0 |      19 |   0.0 |   752
           D:4 |       0 |     320 |   0.0 |       0 |      28 |   0.0 |   892
           D:5 |       0 |     370 |   0.0 |       0 |      19 |   0.0 |  1307
           D:6 |       0 |     940 |   0.0 |       0 |      17 |   0.0 |   568
           D:7 |       0 |    2666 |   0.0 |       0 |      30 |   0.0 |  1639
           D:8 |       0 |    1122 |   0.0 |       0 |      16 |   0.0 |   892
           D:9 |       0 |    3652 |   0.0 |       0 |      37 |   0.0 |  1153
          D:10 |       0 |    3839 |   0.0 |       0 |      37 |   0.0 |  1032
          D:11 |       0 |    5875 |   0.0 |       0 |      47 |   0.0 |  1221
          D:12 |       0 |    4812 |   0.0 |       0 |      20 |   0.0 |   772
          D:13 |       0 |    4981 |   0.0 |       0 |      29 |   0.0 |   804
          D:14 |       0 |    8594 |   0.0 |       0 |      24 |   0.0 |  1141
          D:15 |       0 |   12130 |   0.0 |       0 |      26 |   0.0 |  1254
        Lair:1 |       0 |    4446 |   0.0 |       0 |      14 |   0.0 |   851
        Lair:2 |       0 |    6127 |   0.0 |       0 |      23 |   0.0 |  1043
        Lair:3 |       0 |   12089 |   0.0 |       0 |      72 |   0.0 |  1473
        Lair:4 |       0 |    4605 |   0.0 |       0 |      17 |   0.0 |   888
        Lair:5 |       0 |   10074 |   0.0 |       0 |      43 |   0.0 |  1319
        Lair:6 |       0 |   24903 |   0.0 |       0 |      90 |   0.0 |  1390
      Spider:1 |       0 |   31007 |   0.0 |       0 |      94 |   0.0 |  1647
      Spider:2 |       0 |    8689 |   0.0 |       0 |      21 |   0.0 |   452
      Spider:3 |       0 |   13364 |   0.0 |       0 |      36 |   0.0 |  1401
      Spider:4 |       0 |   41071 |   0.0 |       0 |      98 |   0.0 |  1808
       Slime:1 |       0 |   17354 |   0.0 |       0 |      40 |   0.0 |  1353
       Slime:2 |       0 |   25089 |   0.0 |       0 |      49 |   0.0 |  1382
       Slime:3 |       0 |    4773 |   0.0 |       0 |       8 |   0.0 |   484
       Slime:4 |       0 |     196 |   0.0 |       0 |       1 |   0.0 |    34
         Orc:1 |       0 |    9838 |   0.0 |       0 |      49 |   0.0 |   815
         Orc:2 |       0 |   18141 |   0.0 |       0 |      68 |   0.0 |  1038
         Elf:1 |       0 |   26949 |   0.0 |       0 |      58 |   0.0 |  1822
         Elf:2 |       0 |   50110 |   0.0 |       0 |      74 |   0.0 |  2141
         Elf:3 |       0 |   67844 |   0.0 |       0 |      66 |   0.0 |  2465
      Depths:1 |       0 |     190 |   0.0 |       0 |       1 |   0.0 |    11
         IceCv |       0 |   14051 |   0.0 |       0 |      57 |   0.0 |  1196
               +---------+---------+-------+---------+---------+-------+---------
